 Dungeon Crawl Stone Soup version 0.17.1-3-g152610e (webtiles) character file.

436 Jerry the Conjurer (level 6, 50/50 HPs)
             Began as a Demigod Conjurer on Mar 31, 2016.
             Quit the game on level 4 of the Dungeon.
             The game lasted 00:15:59 (3895 turns).

Jerry the Conjurer (Demigod Conjurer)               Turns: 3895, Time: 00:15:59

Health: 50/50      AC:  4    Str: 15    XL:     6   Next: 40%
Magic:  0/11       EV: 12    Int: 19    God:
Gold:   274        SH:  0    Dex: 16    Spells: 1 memorised, 7 levels left

rFire  . . .     SeeInvis .     h - +2 whip (venom)
rCold  . . .     Clarity  .     a - -1 ring mail (curse)
rNeg   . . .     SustAt   +     (no shield)
rPois  .         Gourm    .     (no helmet)
rElec  .         Spirit   +     (no cloak)
rCorr  .         Warding  .     (no gloves)
rMut   .         Stasis   .     (no boots)
MR     .....                    y - amulet of guardian spirit
Stlth  +.........               (no ring)
                                u - ring of wizardry

@: drained, not resistant to hostile enchantments, very unstealthy
A: high mp 1, sustain attributes
a: no special abilities


You were on level 4 of the Dungeon.
You were not hungry.

You visited 1 branch of the dungeon, and saw 4 of its levels.

You collected 274 gold pieces.

Inventory:

Hand Weapons
 h - a +2 whip of venom (weapon)
Armour
 a - a cursed -1 ring mail (worn)
 s - a +0 ring mail
 x - a +2 leather armour of magic resistance
Jewellery
 m - an uncursed amulet of clarity
 u - a ring of wizardry (left hand)
 y - an amulet of guardian spirit (around neck)
Scrolls
 e - a scroll of fog {unknown}
 g - 2 scrolls of random uselessness {unknown}
 i - a scroll of enchant armour {unknown}
 n - a scroll of identify {unknown}
 p - a scroll of fear {unknown}
 q - a scroll of remove curse {unknown}
 v - a scroll of enchant weapon {unknown}
Potions
 f - a potion of heal wounds {unknown}
 k - 2 potions of curing {unknown}
 o - a potion of agility {unknown}
 r - a potion of resistance {unknown}
 t - 2 potions of flight {unknown}
 z - a potion of ambrosia {unknown}
Books
 b - a book of Conjurations

   Spells                             Type                      Level
   a - Magic Dart                     Conjuration                  1
   b - Searing Ray                    Conjuration                  2
   c - Dazzling Spray                 Conjuration/Hexes            3
   d - Fulminant Prism                Conjuration/Hexes            4
   e - Iskenderun's Mystic Blast      Conjuration                  4
   f - Iskenderun's Battlesphere      Conjuration/Charms           5
Comestibles
 c - 4 bread rations
 d - a royal jelly
 j - 4 fruits
 l - a meat ration
 w - 5 chunks of flesh


   Skills:
 + Level 2.6(2.5) Fighting
 + Level 2.7(2.6) Maces & Flails
 + Level 2.0(1.9) Armour
 + Level 3.8(3.7) Dodging
 - Level 2.2(2.1) Stealth
 - Level 1.7(1.6) Spellcasting
 - Level 4.0(3.9) Conjurations


You had 7 spell levels left.
You knew the following spells:

 Your Spells              Type           Power        Failure   Level  Hunger
a - Magic Dart            Conj           ###.         4%          1    #......


Dungeon Overview and Level Annotations

Branches:
Dungeon (4/15)
 Temple: D:4-7

Shops:
D:4 *


Innate Abilities, Weirdness & Mutations

You have an increased reservoir of magic (+10% MP).
Your attributes are resistant to harm.


Message History

w - 7 chunks of flesh (gained 1)
You start resting.
Magic restored.
You start resting.
Some of the chunks of flesh in your inventory have rotted away.
HP restored.
t - 2 blue potions (gained 1)
Found Ewienio's Assorted Antiques.
There is an entrance to Ewienio's Assorted Antiques here.
y - a square crystal amulet You remove your amulet of clarity.
You feel your power drawn to a protective spirit.
y - an amulet of guardian spirit (around neck) Are you sure you want to abandon this character and quit the game? (Confirm with "yes".)
Okay, then.
Unknown command.
Unknown command.
Quiver which item? (- for none, * to show all) (? for menu, Esc to quit)
Okay, then.
Are you sure you want to abandon this character and quit the game? (Confirm with "yes".)

#########
.......@###
.######...#
#..####..#.#
#.8..∩..8.#
######.#### ###
#.# ##.###.#
#######...##.#
..........##.##


There were no monsters in sight!

Vanquished Creatures
  A giant frog (D:3)
  2 orc wizards
  4 orc priests
  Jessica (D:2)
  An iguana (D:4)
  5 adders
  An ooze (D:1)
  2 worms
  2 giant geckos
  14 orcs (D:3)
  6 giant cockroaches
  7 hobgoblins
  3 jackals (D:3)
  8 kobolds
  2 quokkas
  4 ball pythons
  2 bats (D:3)
  3 giant newts
  2 goblins
  4 rats
74 creatures vanquished.

Notes
Turn   | Place    | Note
--------------------------------------------------------------
     0 | D:1      | Jerry the Demigod Conjurer began the quest for the Orb.
     0 | D:1      | Reached XP level 1. HP: 14/14 MP: 5/5
   255 | D:1      | Reached XP level 2. HP: 18/20 MP: 1/7
   627 | D:1      | Reached skill level 4 in Conjurations
   861 | D:2      | Found a glowing golden altar of the Shining One.
   881 | D:2      | Noticed Jessica
   886 | D:2      | Killed Jessica
   886 | D:2      | Reached XP level 3. HP: 23/27 MP: 8/8
   951 | D:2      | Reached skill level 1 in Fighting
  1010 | D:2      | Reached skill level 1 in Maces & Flails
  1311 | D:2      | Reached XP level 4. HP: 25/35 MP: 9/9
  1497 | D:3      | Found an opulent altar of Gozag.
  1531 | D:3      | Reached skill level 1 in Armour
  1531 | D:3      | Reached XP level 5. HP: 35/41 MP: 10/10
  1748 | D:3      | Found a sparkling altar of Nemelex Xobeh.
  3023 | D:3      | Reached XP level 6. HP: 33/50 MP: 11/11
  3881 | D:4      | Found Ewienio's Assorted Antiques.
  3895 | D:4      | Quit the game

Action                   |  1- 3 |  4- 6 || total
-------------------------+-------+-------++-------
Melee: Unarmed           |     2 |       ||     2
       Whip              |    50 |   146 ||   196
 Cast: Magic Dart        |    40 |    12 ||    52
 Stab: Sleeping          |     1 |       ||     1
  Eat: Chunk             |       |    10 ||    10
